 Dungeon Sprint DCSS version 0.28.0-53-g5a82cb258f (webtiles) character file.

Game seed: 5663563873940413835

1866 cbfl8 the Severer (level 8, -1/89 HPs)
             Began as a Minotaur Berserker on July 31, 2022.
             Was a Priest of Trog.
             Slain by a demonic crawler (11 damage)
             ... in the Dungeon (Sprint I: "Red Sonja").
             The game lasted 00:02:39 (610 turns).

cbfl8 the Severer (Minotaur Berserker)               Turns: 610, Time: 00:02:40

Health: -1/89      AC:  6    Str: 22    XL:     8   Next: 90%
Magic:  7/7        EV: 13    Int:  4    God:    Trog [***...]
Gold:   405        SH:  0    Dex: 12    Spells: 7/7 levels left

rFire   . . .      SeeInvis .   a - +0 hand axe
rCold   . . .      Faith    .   (no shield)
rNeg    . . .      Spirit   .   j - +0 ring mail
rPois   .          Reflect  .   (helmet restricted)
rElec   .          Harm     .   (no cloak)
rCorr   .          Rampage  .   (no gloves)
Will    ++...      NoTele   +   (no boots)
Stlth   +.........              (no amulet)
HPRegen 1.24/turn               (no ring)
MPRegen 0.10/turn               (no ring)

@: strong-willed, regenerating
A: horns 2, retaliatory headbutt
a: Renounce Religion, Berserk, Trog's Hand


You were in the Dungeon.
You worshipped Trog.
Trog was most pleased with you.
You visited 1 branch You collected 405 gold pieces.

Inventory:

Hand Weapons
 a - a +0 hand axe (weapon)
Missiles
 k - a throwing net
Armour
 j - a +0 ring mail (worn)
Wands
 i - a wand of polymorph (11) (quivered)
Potions
 e - a potion of haste
 f - 2 potions of magic
 g - a potion of berserk rage


   Skills:
 * Level 14.3 Fighting
 * Level 15.1 Axes
 + Level 6.4 Armour
 * Level 7.4 Dodging
 + Level 0.2 Stealth
 * Level 5.8 Evocations


You had 7 spell levels left.
You didn't know any spells.
Your spell library was empty.

Dungeon Overview and Level Annotations

Branches:
Dungeon (1/1)

Altars:
Makhleb
Sif Muna
Vehumet
Wu Jian
Xom
Jiyva
Lugonu

Annotations:
D Sonja


Innate Abilities, Weirdness & Mutations

You have a pair of horns on your head.
You reflexively headbutt those who attack you in melee.


Message History

The demonic crawler closely misses you.
Sonja opens the door.
Found 54 gold pieces.
The demonic crawler shrieks in warning!
Your ogre rages.
The demonic crawler hits you. The demonic crawler hits you!
* * * LOW HITPOINT WARNING * * *
The demonic crawler hits you.
* * * LOW HITPOINT WARNING * * *
Your ogre hits the demonic crawler with a +0 giant club!!!
What are your orders? t - Shout!
Orders for allies: a - Attack new target. r - Retreat! s - Stop attacking. g - Guard the area. f - Follow me.
Anything else - Cancel.
Gang up on whom?
Press: ? - help, Dir - move target, f - demonic crawler
Aim: a demonic crawler (almost dead, catching its breath, ally target) Attack!
Your ogre barely misses the demonic crawler.
The demonic crawler closely misses you. The demonic crawler hits you.
* * * LOW HITPOINT WARNING * * *
The demonic crawler hits you.
* * * LOW HITPOINT WARNING * * *
You slash the demonic crawler!
You kill the demonic crawler!
Trog accepts your kill.
Your ogre hits the demonic crawler with a +0 giant club!!
The demonic crawler shrieks in warning!
You hear a shout! x2
Your Fighting skill increases to level 14!
Your Axes skill increases to level 15!
Your skin crawls.
You feel strong-willed.
Your ogre closely misses the demonic crawler.
Okay, then.
You recover from your berserk rage.
Your ogre barely misses the demonic crawler.
The demonic crawler barely misses you. The demonic crawler hits you!
You die...

##########################
#<.#..)..#..'..#__#..§)s.#
#..)..#..').#..+..'.s#...##+
#..#####'#####+#__####..†9..
#..# #..#.@.#.####§$#####..
#..# ####sO##)#≈§§§c# °#
#..# ##9#_.+≈≈≈§§ ° #⌠⌠#
'K.._#≈§§§c# ○ ####
#_c#'##+#### ##'#.# .### .$
.$


You could see a demonic crawler (catching breath, ally target), a centaur
warrior, Sonja, a gargoyle and a friendly ogre (summoned, berserk).

Vanquished Creatures
  3 demonic crawlers (D)
  2 kobold demonologists (D)
  A slime creature (D)
  Sigmund (D)
  A floating eye (D)
  An ogre (D)
  Ijyb (D)
  A jelly (D)
11 creatures vanquished.

Notes
Turn   | Place    | Note
-------+----------+-------------------------------------------
     0 | D        | cbfl8 the Minotaur Berserker began the quest for the Orb.
     0 | D        | Reached XP level 1. HP: 19/19 MP: 0/0
     2 | D        | Noticed Ijyb
     9 | D        | Killed Ijyb
    10 | D        | Reached skill level 5 in Fighting
    10 | D        | Reached skill level 5 in Axes
    10 | D        | Reached XP level 2. HP: 30/30 MP: 1/1
    54 | D        | Noticed an ogre
    58 | D        | Killed an ogre
    59 | D        | Reached skill level 7 in Axes
    59 | D        | Reached skill level 1 in Evocations
    59 | D        | Reached XP level 3. HP: 19/39 MP: 2/2
    59 | D        | Reached XP level 4. HP: 23/47 MP: 3/3
   273 | D        | Noticed Sigmund
   282 | D        | Killed Sigmund
   282 | D        | Reached ** piety under Trog
   283 | D        | Reached skill level 9 in Axes
   283 | D        | Reached XP level 5. HP: 58/58 MP: 4/4
   344 | D        | Found an ornate altar of the Wu Jian Council.
   344 | D        | Found a shimmering blue altar of Sif Muna.
   346 | D        | Found a radiant altar of Vehumet.
   350 | D        | Reached skill level 10 in Axes
   350 | D        | Reached XP level 6. HP: 63/66 MP: 5/5
   398 | D        | Found a burning altar of Makhleb.
   398 | D        | Found a viscous altar of Jiyva.
   398 | D        | Found a shimmering altar of Xom.
   398 | D        | Found a corrupted altar of Lugonu.
   398 | D        | Noticed a slime creature
   405 | D        | Killed a slime creature
   406 | D        | Reached skill level 11 in Axes
   406 | D        | Reached skill level 5 in Dodging
   449 | D        | Noticed a centaur warrior
   449 | D        | Noticed a centaur warrior
   476 | D        | Noticed a kobold demonologist
   476 | D        | Noticed a floating eye
   476 | D        | Noticed a kobold demonologist
   478 | D        | Noticed a sun demon
   478 | D        | Killed a floating eye
   479 | D        | Reached skill level 5 in Armour
   479 | D        | Reached XP level 7. HP: 74/74 MP: 6/6
   482 | D        | Killed a kobold demonologist
   482 | D        | Reached *** piety under Trog
   483 | D        | Reached skill level 13 in Axes
   485 | D        | Killed a kobold demonologist
   486 | D        | Reached skill level 5 in Evocations
   486 | D        | Reached XP level 8. HP: 85/85 MP: 7/7
   546 | D        | Noticed a demonic crawler
   546 | D        | Noticed a demonic crawler
   546 | D        | Noticed a demonic crawler
   546 | D        | Noticed a demonic crawler
   552 | D        | Noticed a gargoyle
   559 | D        | Killed a demonic crawler
   560 | D        | Reached skill level 14 in Axes
   562 | D        | Killed a demonic crawler
   562 | D        | Reached **** piety under Trog
   605 | D        | Noticed Sonja
   608 | D        | Killed a demonic crawler
   609 | D        | Reached skill level 15 in Axes
   610 | D        | Slain by a demonic crawler

Illustrated notes

Levels and vault maps discovered:
D:        dungeon_sprint_1 [red_sonja_temple_1, red_sonja_temple_small_1]

Skill      XL: |  1  2  3  4  5  6  7  8 |
---------------+-------------------------+-----
Fighting       | 5 7 9 11 12 14 | 14.3
Axes           | 5 7 9 10 11 13 15 | 15.1
Armour         | 3 4 5 6 |  6.4
Dodging        | 3 4 5 6 7 |  7.4
Evocations     | 1 3 4 5 |  5.8
Stealth        | |  0.2

Action                   |  1- 3 |  4- 6 |  7- 9 || total
-------------------------+-------+-------+-------++-------
Melee: Hand axe          |     6 |    13 |    23 ||    42
       Headbutt          |     1 |     2 |    10 ||    13
       Punch             |       |     1 |       ||     1
Invok: Berserk           |     2 |     3 |     1 ||     6
       Trog's Hand       |       |       |     1 ||     1
       Brothers in Arms  |       |       |     1 ||     1
  Use: Scroll            |       |       |     2 ||     2
       Potion            |       |       |     2 ||     2
Armor: Ring mail         |       |       |     9 ||     9
Dodge: Dodged            |     1 |     5 |    24 ||    30
